 Dungeon Crawl Stone Soup version 0.19.5 (webtiles) character file.

5425 Shoikan the Bludgeoner (level 10, -9/86 HPs)
             Began as a Minotaur Berserker on Mar 21, 2017.
             Was a High Priest of Trog.
             Killed from afar by a centaur (22 damage)
             ... with a wand of lightning
             ... on level 9 of the Dungeon.
             The game lasted 00:38:46 (8193 turns).

Shoikan the Bludgeoner (Minotaur Berserker)         Turns: 8193, Time: 00:38:46

Health: -9/86      AC: 11    Str: 24    XL:     10   Next: 40%
Magic:  9/9        EV:  9    Int:  4    God:    Trog [*****.]
Gold:   476        SH:  0    Dex: 15    Spells: 0 memorised, 9 levels left

rFire  + . .     SeeInvis .     A - +0 morningstar
rCold  + . .     Gourm    .     x - +0 chain mail
rNeg   . . .     Faith    +     (no shield)
rPois  .         Spirit   .     (helmet restricted)
rElec  .         Reflect  .     H - +0 cloak
rCorr  .         Harm     .     (no gloves)
MR     .....                    y - +0 pair of boots
Stlth  ..........               N - amulet of faith
                                F - ring of protection from cold
                                z - ring of protection from fire

@: no status effects
A: retaliatory headbutt, horns 2, agile 1, strong 1
a: Berserk, Trog's Hand, Brothers in Arms, Burn Spellbooks, Renounce Religion


You were on level 9 of the Dungeon.
You worshipped Trog.
Trog was extremely pleased with you.
You were hungry.

You visited 2 branches of the dungeon, and saw 10 of its levels.

You collected 476 gold pieces.

Inventory:

Hand Weapons
 a - a +0 mace
 A - a +0 morningstar (weapon)
 E - a +0 flail
 J - the +3 flail of Vebuud {vamp, *Rage rC+ Dex+9, unknown}
   (You found it on level 6 of the Dungeon)

   It inflicts no extra harm, but heals its wielder when it wounds a living foe.
   It affects your dexterity (+9).
   It protects you from cold.
   It may make you go berserk in combat.
Armour
 x - a +0 chain mail (worn)
 y - a +0 pair of boots (worn)
 H - a +0 cloak (worn)
Jewellery
 s - an uncursed amulet of regeneration
 w - an uncursed amulet of harm
 z - a ring of protection from fire (left hand)
 F - a ring of protection from cold (right hand)
 I - an uncursed ring of fire
 N - an amulet of faith (around neck)
Wands
 p - a wand of acid (4/15)
 K - a wand of random effects (25/48)
 O - a wand of confusion (19/48)
Scrolls
 j - 2 scrolls of blinking
 m - 4 scrolls of fog
 o - a scroll of recharging
 q - 3 scrolls of remove curse
 u - a scroll of enchant armour {unknown}
 B - 3 scrolls of magic mapping {unknown}
 C - 3 scrolls of teleportation
 D - 2 scrolls of amnesia {unknown}
 L - a scroll of immolation {unknown}
 M - a scroll of summoning {unknown}
Potions
 d - 2 potions of brilliance
 e - a potion of invisibility
 g - 3 potions of resistance
 h - a potion of berserk rage {unknown}
 i - a potion of flight {unknown}
 k - 2 potions of lignification
 l - a potion of heal wounds {unknown}
 n - 6 potions of curing
 t - a potion of ambrosia {unknown}
 G - a potion of mutation
Comestibles
 b - 5 fruits
 c - 6 bread rations
 f - 4 slices of pizza
 r - 2 meat rations


   Skills:
 + Level 7.2 Fighting
 - Level 16.2 Maces & Flails
 - Level 3.7 Armour
 - Level 2.5 Dodging
 - Level 1.1 Stealth


You had 9 spell levels left.
You didn't know any spells.

Dungeon Overview and Level Annotations

Branches:
Dungeon (9/15)             Temple (1/1) D:5
   Lair: D:8-11         Orc: D:9-12

Altars:
Ashenzari
Cheibriados
Elyvilon
Fedhas
Gozag
Hepliaklqana
Kikubaaqudgha
Makhleb
Nemelex Xobeh
Okawaru
Qazlal
Ru
Sif Muna
Trog
Uskayaw
Vehumet
Xom
Yredelemnul
Zin
The Shining One

Shops:
D:5 (}=!


Innate Abilities, Weirdness & Mutations

You reflexively headbutt those who attack you in melee.
You have a pair of horns on your head.
You are agile. (Dex +2)
Your muscles are strong. (Str +2)


Message History

Trog accepts your kill.
You start resting.
You feel sick. x19
All of the chunks of flesh in your inventory have rotted away.
You feel sick.
You are no longer poisoned.
You start resting.
You are feeling hungry.
You start resting.
A centaur comes into view.
A centaur is nearby!
The centaur wields a shortbow.
The centaur shoots an arrow.
The arrow hits you but does no damage.
The centaur shoots an arrow.
The arrow hits you.
You see here an arrow.
The centaur shoots an arrow.
The arrow hits you but does no damage.
You see here an arrow.
The centaur zaps a wand.
The bolt of lightning hits you!
* * * LOW HITPOINT WARNING * * *
The bolt of lightning hits you!
You die...

#.......<...##
#..... #...........#
#..... ###.#......##
#..... #.##.....#
##.... #...##....##
##... #.....##...(#
##..
....⌠...+.#†.#####
###
.###...######(†...##
.. #...####..@†....#
. #.>.#...........#
#...#...........##
###......c...#
+..........#
#......$...##
#............#
.............#
.............#


You could see a centaur.

Vanquished Creatures
  The ghost of MirrMurr the Grappler, a novice TrAM of Okawaru (D:5)
  Grinder (D:5)
  2 two-headed ogres
  A hippogriff (D:8)
  8 yaks
  A water moccasin (D:6)
  3 phantoms
  An orc warrior (D:8)
  4 ice beasts
  3 sky beasts
  3 ogres
  2 centaurs (D:7)
  2 bullfrogs (D:8)
  A scorpion (D:4)
  6 killer bees (D:9)
  3 wights (D:6)
  A howler monkey (D:7)
  4 crimson imps
  A centaur zombie (D:8)
  A jelly (D:6)
  2 bullfrog zombies
  A bullfrog skeleton (D:8)
  4 hounds
  4 orc wizards
  Ijyb (D:2)
  An iguana (D:5)
  4 worker ants
  A hound skeleton (D:5)
  2 worker ant zombies
  5 gnolls
  10 adders
  A shadow imp (D:9)
  2 oozes (D:1)
  3 adder skeletons
  An adder zombie (D:7)
  3 worms (D:3)
  2 dart slugs
  6 leopard geckos
  23 orcs
  7 bats
  11 giant cockroaches
  7 goblins
  11 hobgoblins
  3 jackals (D:3)
  5 quokkas
  3 ball pythons
  9 frilled lizards
  A jackal skeleton (D:4)
  A jackal zombie (D:5)
  8 kobolds
  A quokka skeleton (D:8)
  8 rats
200 creatures vanquished.

Notes
Turn   | Place    | Note
-------+----------+-------------------------------------------
     0 | D:1      | Shoikan the Minotaur Berserker began the quest for the Orb.
     0 | D:1      | Reached XP level 1. HP: 19/19 MP: 0/0
   346 | D:1      | Reached skill level 4 in Maces & Flails
   346 | D:1      | Reached XP level 2. HP: 19/27 MP: 1/1
   618 | D:1      | Reached XP level 3. HP: 3/33 MP: 2/2
  1026 | D:1      | Reached ** piety under Trog
  1126 | D:1      | Reached XP level 4. HP: 34/40 MP: 3/3
  1153 | D:1      | Reached skill level 5 in Maces & Flails
  1504 | D:2      | Found a hide-covered altar of Uskayaw.
  2007 | D:2      | Reached XP level 5. HP: 34/46 MP: 4/4
  2009 | D:2      | Reached skill level 1 in Stealth
  2339 | D:2      | Found a blossoming altar of Fedhas.
  2424 | D:2      | Noticed Ijyb
  2433 | D:2      | Killed Ijyb
  2704 | D:3      | Reached *** piety under Trog
  2704 | D:3      | Reached skill level 6 in Maces & Flails
  2804 | D:3      | Gained mutation: Your muscles are strong. (Str +2) [potion of beneficial mutation]
  2809 | D:3      | Gained mutation: You are agile. (Dex +2) [potion of beneficial mutation]
  3118 | D:3      | Noticed an ogre
  3125 | D:3      | Killed an ogre
  3125 | D:3      | Reached skill level 7 in Maces & Flails
  3125 | D:3      | Reached XP level 6. HP: 34/53 MP: 5/5
  3408 | D:4      | Reached skill level 8 in Maces & Flails
  3468 | D:4      | Reached XP level 7. HP: 42/60 MP: 6/6
  3480 | D:4      | Reached **** piety under Trog
  3503 | D:4      | Reached skill level 9 in Maces & Flails
  4167 | D:5      | Entered Level 5 of the Dungeon
  4173 | D:5      | Reached skill level 10 in Maces & Flails
  4202 | D:5      | Found Vulyiphocoekk's Weapon Shop.
  4235 | D:5      | Found Weneklo's Distillery.
  4239 | D:5      | Noticed Grinder
  4240 | D:5      | Paralysed by Grinder for 6 turns
  4249 | D:5      | Killed Grinder
  4249 | D:5      | Reached XP level 8. HP: 56/67 MP: 7/7
  4312 | D:5      | Noticed MirrMurr's ghost (novice TrAM)
  4323 | D:5      | Killed MirrMurr's ghost
  4323 | D:5      | Reached skill level 12 in Maces & Flails
  4470 | D:5      | Found Nixuw's Gadget Shop.
  4531 | D:5      | Found an opulent altar of Gozag.
  4531 | D:5      | Found a glowing silver altar of Zin.
  4679 | D:5      | Found a burning altar of Makhleb.
  4750 | D:5      | Found a staircase to the Ecumenical Temple.
  4760 | Temple   | Entered the Ecumenical Temple
  5053 | D:5      | Found Jiczopp's Jewellery Shop.
  5362 | D:6      | Reached skill level 13 in Maces & Flails
  5460 | D:6      | Reached XP level 9. HP: 72/72 MP: 8/8
  5572 | D:6      | Got a bloodstained flail
  5624 | D:6      | Reached skill level 14 in Maces & Flails
  6019 | D:6      | Found a deep blue altar of Sif Muna.
  6341 | D:7      | Reached skill level 15 in Maces & Flails
  6344 | D:7      | Reached ***** piety under Trog
  6406 | D:7      | Received a gift from Trog
  6689 | D:8      | HP: 3/72 [poisoned by an adder]
  6697 | D:7      | HP: 3/72 [poisoned by an adder]
  7307 | D:8      | Reached XP level 10. HP: 80/80 MP: 9/9
  7325 | D:8      | Reached skill level 16 in Maces & Flails
  7526 | D:8      | Found a glowing golden altar of the Shining One.
  7850 | D:9      | Reached skill level 5 in Fighting
  8193 | D:9      | Killed from afar by a centaur

Skill      XL: |  1  2  3  4  5  6  7  8  9 10 |
---------------+-------------------------------+-----
Maces & Flails | 4 5 7 8 10 13 15 16 | 16.2
Fighting       | 4 7 |  7.2
Armour         | 3 |  3.7
Stealth        | 1 |  1.1
Dodging        | |  2.5

Action                   |  1- 3 |  4- 6 |  7- 9 | 10-12 || total
-------------------------+-------+-------+-------+-------++-------
Melee: Mace              |    48 |   155 |    91 |       ||   294
       Headbutt          |     7 |    39 |    56 |    19 ||   121
       Flail             |       |       |   152 |       ||   152
       Morningstar       |       |       |     2 |    68 ||    70
Invok: Berserk           |       |     1 |     1 |       ||     2
       Burn Spellbooks   |       |     1 |     1 |     1 ||     3
  Use: Scroll            |       |     4 |    10 |       ||    14
       Potion            |       |     2 |     1 |       ||     3
  Eat: Chunk             |     1 |     8 |    13 |     2 ||    24
Armor: Ring mail         |    14 |    42 |       |       ||    56
       Chain mail        |       |     9 |   121 |    52 ||   182
       Scale mail        |       |     8 |       |       ||     8
Dodge: Dodged            |    38 |   119 |   102 |    33 ||   292
